[Event "Titled Tuesday Blitz December 7 2021"]
[White "Leiva, Gianmarco"]
[Black "Nguyen Hong Nhung"]
[WhiteFideId "3804399"]
[BlackFideId "12412201"]
[WhiteElo "2328"]
[BlackElo "1661"]
[Result "1-0"]
[Round "05"]
[TimeControl "180+1"]
[Date "2021.12.07"]
[WhiteClock "0:00:04"]
[BlackClock "0:00:06"]

1. e4 c5 2. Nf3 e6 3. g3 Nc6 4. Bg2 d6 5. O-O Nf6 6. Re1 Be7 7. c3 e5 8. d4 cxd4 9. cxd4 Bg4 10. d5 Nd4 11. Be3 Nxf3+ 12. Bxf3 Bxf3 13. Qxf3 O-O 14. Nd2 Rc8 15. Rec1 a6 16. Qd1 Qd7 17. f3 Qb5 18. Qb3 Qd7 19. Kg2 h5 20. h3 Nh7 21. Nc4 b5 22. Nb6 Rxc1 23. Nxd7 Rxa1 24. Nxf8 Nxf8 25. Qa3 b4 26. Qxa6 Rb1 27. Qc4 Rxb2+ 28. Kf1 Rh2 29. Bf2 h4 30. Kg1 hxg3 31. Bxg3 Rxh3 32. Kg2 Rh6 33. Qxb4 Rg6 34. Kf2 f5 35. exf5 Rf6 36. Bh4 Rf7 37. Bxe7 Rxe7 38. Qxd6 Ra7 39. a3 Nd7 40. Qe6+ Kh8 41. Qe8+ Kh7 42. Qg6+ Kg8 43. Qe8+ Kh7 44. Qe7 Kg8 45. d6 Rb7 46. Qe6+ Kh7 47. Qg6+ Kg8 48. Qe6+ Kh7 49. Qd5 Rb2+ 50. Ke1 Nf6 51. Qxe5 Rb1+ 52. Kf2 Rb3 53. Qc5 Rb2+ 54. Kg3 Rb3 55. Kf2 Rb2+ 56. Ke1 Rb1+ 57. Kd2 Rb3 58. Qc4 Rxf3 59. Qh4+ Kg8 60. Qc4+ Kh7 61. d7 Nxd7 62. Qd5 Rf2+ 63. Ke1 Rh2 64. Qxd7 Rh3 65. f6 Rh1+ 66. Kf2 Rh2+ 67. Kg3 Rh1 68. Qxg7# 1-0


[Site "https://www.chess.com"]

[Event "Titled Tuesday Blitz December 7 2021"]
[White "Licznerski, Lukasz"]
[Black "Krutko, Anatoly"]
[WhiteFideId "1179250"]
[BlackFideId "4185862"]
[WhiteElo "2403"]
[BlackElo "2378"]
[Result "0-1"]
[Round "05"]
[TimeControl "180+1"]
[Date "2021.12.07"]
[WhiteClock "0:00:01"]
[BlackClock "0:00:11"]

1. e4 e5 2. Nf3 Nc6 3. Bb5 g6 4. c3 a6 5. Ba4 Bg7 6. d4 b5 7. Bb3 exd4 8. cxd4 Nge7 9. d5 Ne5 10. Nxe5 Bxe5 11. O-O d6 12. Nc3 O-O 13. Bh6 Bg7 14. Bxg7 Kxg7 15. Qd4+ f6 16. Rfd1 Bd7 17. Rac1 Qb8 18. Ne2 Qa7 19. Qd2 Rac8 20. Nd4 Kh8 21. Rc2 f5 22. Qe2 fxe4 23. Qxe4 Nf5 24. Ne6 Rce8 25. h3 Bxe6 26. dxe6 Re7 27. Rc6 Ng3 28. Qe1 Nf5 29. Qc3+ Kg8 30. Rxc7 Qxc7 31. Qxc7 Rxc7 32. e7+ Kg7 33. exf8=Q+ Kxf8 34. g4 Nh4 35. Rxd6 a5 36. Rb6 a4 37. Bd5 Rc5 38. Bc6 Rc2 39. Bxb5 Rxb2 40. a3 g5 41. Rb7 Rb1+ 42. Kh2 Rb2 0-1


[Site "https://www.chess.com"]

[Event "Titled Tuesday Blitz December 7 2021"]
[White "Lin, Dachey"]
[Black "Golubka, Petro"]
[WhiteFideId "2029650"]
[BlackFideId "14114224"]
[WhiteElo "2590"]
[BlackElo "2392"]
[Result "1-0"]
[Round "05"]
[TimeControl "180+1"]
[Date "2021.12.07"]
[WhiteClock "0:00:40"]
[BlackClock "0:01:41"]

1. Nc3 c5 2. e4 a6 3. f4 b5 4. g3 Bb7 5. Bg2 g6 6. d3 Bg7 7. Nf3 d6 8. O-O Nc6 9. Be3 Nh6 10. h3 b4 11. Nd5 e6 12. f5 exd5 13. exd5 Nb8 14. f6 Qxf6 15. Bg5 Qxb2 16. Qe2+ Kf8 17. Qe7+ Kg8 18. Bxh6 Bxh6 19. Ne5 1-0


[Site "https://www.chess.com"]

[Event "Titled Tuesday Blitz December 7 2021"]
[White "Lomaia, Diana"]
[Black "Le, Tuan Minh"]
[WhiteFideId "13612476"]
[BlackFideId "12401153"]
[WhiteElo "1744"]
[BlackElo "2450"]
[Result "0-1"]
[Round "05"]
[TimeControl "180+1"]
[Date "2021.12.07"]
[WhiteClock "0:00:02"]
[BlackClock "0:00:11"]

1. d4 Nf6 2. Nf3 e6 3. c4 Bb4+ 4. Bd2 a5 5. g4 b6 6. h3 Bb7 7. Bg2 O-O 8. O-O Ne4 9. Bf4 f5 10. gxf5 exf5 11. Nbd2 Be7 12. Bh2 d6 13. d5 Nd7 14. Nxe4 fxe4 15. Nd4 Nc5 16. b3 Bf6 17. Rb1 Qe8 18. e3 Bc8 19. a3 Qg6 20. Kh1 Qh6 21. b4 axb4 22. axb4 Na4 23. Ne6 Nc3 24. Qg4 Nxb1 25. Rxb1 Ra2 26. Bg3 Be5 27. Bxe5 dxe5 28. Rf1 Raxf2 29. Rxf2 Rxf2 30. Qxe4 Bxe6 31. dxe6 Qxe6 32. Qa8+ Rf8 33. Qb7 Qe7 34. Qd5+ Kh8 35. c5 bxc5 36. bxc5 Rd8 37. Qf3 Qxc5 38. h4 Rf8 39. Qg3 Qd6 40. h5 Qf6 41. Qg4 c5 42. Kh2 Qd6 43. e4 c4 44. Qe2 Qf6 45. Qxc4 Qh4+ 46. Kg1 Qxh5 47. Qe6 Qg5 48. Qd6 Qe3+ 49. Kh2 Qf4+ 50. Kg1 g6 51. Qe7 Qf6 52. Qc5 Kg7 53. Qc7+ Rf7 54. Qc5 h5 55. Qe3 g5 56. Qh3 Kh6 57. Qc8 g4 58. Kh1 Kg7 59. Qc1 Qf4 60. Qc6 h4 0-1


[Site "https://www.chess.com"]

[Event "Titled Tuesday Blitz December 7 2021"]
[White "Madaminov, Mukhiddin"]
[Black "Vidit, Santosh Gujrathi"]
[WhiteFideId "14210703"]
[BlackFideId "5029465"]
[WhiteElo "1916"]
[BlackElo "2628"]
[Result "0-1"]
[Round "05"]
[TimeControl "180+1"]
[Date "2021.12.07"]
[WhiteClock "0:00:08"]
[BlackClock "0:00:08"]

1. e4 c5 2. Nf3 d6 3. Bb5+ Nd7 4. O-O Nf6 5. Re1 e6 6. c3 a6 7. Bd3 b5 8. Bc2 c4 9. a4 Bb7 10. axb5 axb5 11. Rxa8 Qxa8 12. Na3 Bxe4 13. Bxe4 Nxe4 14. Nxb5 Qb7 15. Qe2 d5 16. Nbd4 Ndc5 17. Ne5 Bd6 18. Ndf3 Qb6 19. Qe3 Qa6 20. b4 cxb3 21. d3 Nf6 22. Qd4 O-O 23. Bg5 Nfd7 24. Nxd7 Nxd7 25. c4 dxc4 26. dxc4 Nc5 27. h3 Rb8 28. Bc1 Na4 29. Rd1 Be7 30. Qd7 Nc3 31. Qxe7 Nxd1 32. Ne5 Qb7 33. Qd6 b2 34. Bxb2 Nxb2 35. Nc6 Re8 36. c5 Nc4 37. Ne7+ Qxe7 38. Qd4 Na5 39. c6 Nxc6 40. Qb6 Ne5 41. Qe3 Ng6 42. h4 h6 43. h5 Nh4 44. g3 Nf5 45. Qe4 Nd6 46. Qg4 Rc8 47. Kg2 Qb7+ 48. Kh3 Qd5 49. Qf4 Qh1+ 50. Kg4 f5+ 51. Qxf5 exf5+ 52. Kf4 Qe4# 0-1


[Site "https://www.chess.com"]

[Event "Titled Tuesday Blitz December 7 2021"]
[White "Makarian, Rudik"]
[Black "Sarana, Alexey"]
[WhiteFideId "44105681"]
[BlackFideId "24133795"]
[WhiteElo "2486"]
[BlackElo "2672"]
[Result "0-1"]
[Round "05"]
[TimeControl "180+1"]
[Date "2021.12.07"]
[WhiteClock "0:00:01"]
[BlackClock "0:00:20"]

1. d4 Nf6 2. c4 e6 3. g3 Bb4+ 4. Nd2 d5 5. Nf3 dxc4 6. Bg2 b5 7. a3 Bxd2+ 8. Nxd2 c6 9. Nf3 Bb7 10. O-O Nbd7 11. b3 cxb3 12. Qxb3 O-O 13. a4 a6 14. Ba3 Re8 15. Rfd1 Qb6 16. Ne5 Rac8 17. Rac1 a5 18. Bc5 Qc7 19. Nxd7 Nxd7 20. axb5 cxb5 21. Qxb5 Bxg2 22. Kxg2 Rb8 23. Qa4 Ra8 24. Ba3 Qb7+ 25. Qc6 Qa7 26. e3 h5 27. d5 Rac8 28. Qxc8 Rxc8 29. Rxc8+ Kh7 30. e4 Qb7 31. Rc3 Nf6 32. d6 Qxe4+ 33. Kg1 Qa4 34. Rcd3 Nd7 35. Bc1 Qb5 36. Bf4 a4 37. h4 e5 38. Be3 f6 39. Rc3 Kg6 40. Rc7 Kf5 41. Ra7 Qc6 42. Ra1 Qxd6 43. R7xa4 Kg6 44. Kh2 Qd5 45. Ra6 e4 46. Bf4 Qd4 47. R1a2 Qc4 48. Ra7 Nc5 0-1


[Site "https://www.chess.com"]

[Event "Titled Tuesday Blitz December 7 2021"]
[White "Maksimovic, Bojan"]
[Black "Eynullayev, Atilla"]
[WhiteFideId "14408120"]
[BlackFideId "13413570"]
[WhiteElo "2458"]
[BlackElo "1982"]
[Result "0-1"]
[Round "05"]
[TimeControl "180+1"]
[Date "2021.12.07"]
[WhiteClock "0:00:02"]
[BlackClock "0:00:04"]

1. e4 c5 2. Nc3 e6 3. Nf3 Nc6 4. d4 cxd4 5. Nxd4 a6 6. Nxc6 bxc6 7. Bd3 d5 8. O-O Nf6 9. Re1 Be7 10. e5 Nd7 11. Qg4 Kf8 12. b3 h5 13. Qg3 g6 14. Na4 c5 15. c4 d4 16. Bd2 Kg7 17. Re2 Bb7 18. Rae1 a5 19. f4 Bh4 20. Qh3 Bxe1 21. Bxe1 h4 22. Qg4 Rh5 23. Bd2 Bc6 24. Nb2 a4 25. b4 cxb4 26. Bxb4 a3 27. Nd1 Ra4 28. Bd6 Ra7 29. h3 Ra5 30. Nf2 Nc5 31. Be4 Bxe4 32. Nxe4 Nb7 33. Nf6 Rh8 34. c5 Nxc5 35. Rd2 Nb7 36. Rxd4 Qb6 37. Qd1 Nxd6 38. exd6 Kxf6 39. Kh2 Kg7 40. d7 Rd8 41. Rd6 Qc7 42. Qd4+ Kg8 43. Qf6 Rf5 44. Qe7 Rf6 45. Qxf6 Rxd7 46. Rxd7 Qxd7 47. Qxh4 Kg7 48. Qg5 Qd6 49. Qg3 Qb4 50. Qd3 Qb2 0-1


[Site "https://www.chess.com"]

[Event "Titled Tuesday Blitz December 7 2021"]
[White "Manafov, Vugar"]
[Black "Nakamura, Hikaru"]
[WhiteFideId "13410814"]
[BlackFideId "2016192"]
[WhiteElo "2277"]
[BlackElo "2884"]
[Result "1/2-1/2"]
[Round "05"]
[TimeControl "180+1"]
[Date "2021.12.07"]
[WhiteClock "0:00:18"]
[BlackClock "0:00:20"]

1. d4 g6 2. c4 Bg7 3. Nf3 d6 4. g3 Bd7 5. Bg2 Qc8 6. h4 Nc6 7. Nc3 Bg4 8. e3 e5 9. d5 Nce7 10. Qc2 Nf6 11. Nd2 c6 12. e4 O-O 13. O-O Bh3 14. Qd3 Nh5 15. Nf3 h6 16. dxc6 Nxc6 17. Nd5 Bxg2 18. Kxg2 f5 19. b4 Rf7 20. b5 Nd8 21. Ba3 Bf8 22. c5 Qe6 23. cxd6 Bxd6 24. Bxd6 Qxd6 25. Rad1 Rc8 26. Rfe1 f4 27. g4 Ng7 28. g5 Qe6 29. Nf6+ Rxf6 30. gxf6 Qxf6 31. Qd7 Ra8 32. Rd6 Nde6 33. Qxb7 Re8 34. Qxa7 g5 35. hxg5 hxg5 36. Qd7 g4 37. Nh2 f3+ 38. Kh1 Qf8 39. Qc6 Rc8 40. Qd5 Rc5 41. Qd2 Nd4 42. Rxd4 exd4 43. Qxd4 Rh5 44. e5 g3 45. fxg3 f2 46. Qd5+ Kh8 47. Rf1 Qf5 48. Qa8+ Kh7 49. Qg2 Qxe5 50. Qxf2 Qxb5 51. Qc2+ Kg8 52. Qc8+ Kh7 53. Qc2+ Kg8 54. Qb3+ Qxb3 55. axb3 Rb5 56. Rf3 Nf5 57. Nf1 Nd4 58. Rd3 Nxb3 59. Kg2 Nc5 60. Rd5 Rb2+ 61. Kh3 Ne4 62. Ne3 Rb3 63. Nf5 Kh7 64. Rd7+ Kg6 65. Nh4+ Kf6 66. Kh2 Rb2+ 67. Kh3 Ng5+ 68. Kg4 Rb4+ 69. Kh5 Ne4 70. Rd3 Rb5+ 71. Kh6 Rb8 72. Rf3+ Ke6 73. Ng6 Rb1 74. g4 Rh1+ 75. Kg7 Rg1 76. Rf4 Ng5 77. Rf6+ Kd7 78. Ne5+ Ke7 79. Rf5 Ne4 80. Ng6+ Kd6 81. Rf4 Ng5 82. Kf6 Ne6 83. Rf2 Rxg4 84. Rd2+ Nd4 85. Nh8 Rf4+ 86. Kg7 Ke6 87. Ng6 Nf5+ 88. Kh7 Ra4 89. Re2+ Kd6 90. Rf2 Nd4 91. Rd2 Kc5 92. Rd3 Ra7+ 93. Kh6 Kc4 94. Rh3 Kd5 95. Kg5 Ke4 96. Rh5 Ke3 97. Rh4 Nf3+ 98. Kh5 Ra5+ 99. Kh6 Nxh4 100. Nxh4 Kf4 101. Ng6+ Kf5 102. Nh4+ Kf6 103. Ng6 Rf5 104. Nh4 Rg5 105. Nf3 Rg8 106. Kh5 Rg3 107. Nh4 Rg5+ 108. Kh6 Rb5 109. Ng6 Rb8 110. Kh5 Rb5+ 111. Kh6 Kf5 112. Nh4+ Kg4 113. Ng6 Rb7 114. Ne5+ Kf5 115. Nf3 Kf4 116. Nh4 Kg4 117. Ng6 Kf5 118. Nh4+ Ke6 119. Kg5 Rb5+ 120. Kg4 Ke5 121. Ng6+ Ke4 122. Nf4 Rb8 123. Ng6 Rb1 124. Kg5 Rf1 125. Nh4 Rf7 126. Ng6 Rf5+ 127. Kg4 Rb5 128. Nh4 Ke5 129. Nf3+ Kf6 130. Kf4 Rb4+ 131. Ke3 Kf5 132. Nd4+ Kg5 133. Nf3+ Kh5 134. Nd4 Kg4 135. Ke4 Ra4 136. Ke5 Ra8 137. Ke4 Re8+ 138. Kd5 Kf4 139. Ne6+ Ke3 140. Nc5 Rc8 141. Ne6 Ra8 142. Nc5 Rh8 143. Ne6 Rh5+ 144. Kd6 Ke4 145. Nc5+ Kf5 146. Nd7 Rh1 147. Nc5 Rd1+ 148. Kc6 Ke5 149. Kb5 Kd5 150. Nb3 1/2-1/2


[Site "https://www.chess.com"]

[Event "Titled Tuesday Blitz December 7 2021"]
[White "Matinian, Nikita"]
[Black "Druska, Juraj"]
[WhiteFideId "24129100"]
[BlackFideId "14915650"]
[WhiteElo "2422"]
[BlackElo "2369"]
[Result "0-1"]
[Round "05"]
[TimeControl "180+1"]
[Date "2021.12.07"]
[WhiteClock "0:01:19"]
[BlackClock "0:00:51"]

1. e4 d5 2. exd5 Qxd5 3. Nc3 Qd8 4. d4 Nf6 5. Bc4 g6 6. Nf3 Bg7 7. O-O O-O 8. Re1 Nbd7 9. Bg5 Nb6 10. Bb3 c6 11. Ne5 a5 12. a4 Nbd5 13. Qf3 Be6 14. Rad1 Nxc3 15. Bxe6 Nxd1 16. Bxf7+ Rxf7 17. Nxf7 Kxf7 18. Rxd1 Qd5 19. Qf4 Qf5 20. Qc1 Rd8 21. c3 c5 22. h3 Rd7 23. Bh4 cxd4 24. cxd4 Ne4 25. Qc4+ Qd5 26. Qe2 Bxd4 27. Re1 Nf6 28. Bg3 e5 29. Rc1 Qd6 30. Rc8 Rc7 31. Ra8 Qd5 32. Bh4 Qe4 33. Qxe4 Nxe4 34. Rxa5 g5 0-1


[Site "https://www.chess.com"]

[Event "Titled Tuesday Blitz December 7 2021"]
[White "Mikhailovsky, Vladimir"]
[Black "Atakhan, Abtin"]
[WhiteFideId "34105414"]
[BlackFideId "22502203"]
[WhiteElo "2409"]
[BlackElo "2119"]
[Result "1-0"]
[Round "05"]
[TimeControl "180+1"]
[Date "2021.12.07"]
[WhiteClock "0:00:08"]
[BlackClock "0:00:02"]

1. Nf3 Nf6 2. b3 d5 3. Bb2 e6 4. g3 g6 5. Bg2 Bg7 6. O-O O-O 7. c4 b6 8. cxd5 exd5 9. d4 Nbd7 10. Nc3 Re8 11. Rc1 a6 12. e3 Bb7 13. Ne2 Rc8 14. Nf4 c5 15. Nd3 Ne4 16. Rc2 c4 17. Nf4 b5 18. Nd2 Ndf6 19. Nxe4 Nxe4 20. Qc1 Qa5 21. Ba1 Qb4 22. Bc3 Qd6 23. Ba5 h5 24. h4 Bh6 25. Qb2 Ba8 26. Rfc1 Qf6 27. Be1 Bxf4 28. exf4 Qd6 29. a4 Qb6 30. axb5 axb5 31. bxc4 dxc4 32. Rxc4 Rxc4 33. Rxc4 Nd6 34. Rc1 Bxg2 35. Kxg2 Qb7+ 36. Kg1 Qf3 37. Qc3 Qe4 38. Bd2 Nc4 39. Re1 Qc6 40. Rxe8+ Qxe8 41. Bc1 Qe4 42. Be3 Qb1+ 43. Kh2 Qe4 44. Qb3 Qd5 45. Qb4 Qc6 46. Qe7 Qf3 47. Qe8+ Kg7 48. Qxb5 Nxe3 49. Qe5+ Kh7 50. Qxe3 Qd5 51. Qe5 Qd7 52. d5 Qa7 53. Kg2 Qb7 54. Kg1 Qb1+ 55. Kh2 Qc2 56. Qd4 Qc7 57. d6 Qd7 58. Qf6 Qa7 59. Kg1 Qd7 60. Qe7 Qf5 61. d7 Qb1+ 62. Kg2 Qb7+ 63. Kh2 Qf3 64. Qxf7+ Kh6 65. Qf8+ Kh7 66. Qe7+ Kh6 67. Qe3 Qd5 68. f5+ Kg7 69. Qe7+ Kh6 70. d8=Q Qxf5 1-0


[Site "https://www.chess.com"]

[Event "Titled Tuesday Blitz December 7 2021"]
[White "Mirzoev, Azer"]
[Black "Pham, Le Thao Nguyen"]
[WhiteFideId "13400304"]
[BlackFideId "12401226"]
[WhiteElo "2525"]
[BlackElo "2286"]
[Result "1-0"]
[Round "05"]
[TimeControl "180+1"]
[Date "2021.12.07"]
[WhiteClock "0:00:53"]
[BlackClock "0:00:02"]

1. d4 d5 2. Nf3 c6 3. Bf4 Bf5 4. e3 e6 5. c4 Qb6 6. Qb3 Qxb3 7. axb3 Bxb1 8. Rxb1 Nf6 9. Bd3 Nbd7 10. h3 Bb4+ 11. Ke2 Ke7 12. g4 h6 13. Ra1 Bd6 14. Ne5 g5 15. Bg3 Bxe5 16. dxe5 Ne4 17. Bxe4 dxe4 18. b4 Nb6 19. b3 Rhd8 20. Rhd1 Rxd1 21. Kxd1 Rd8+ 22. Kc2 a6 23. h4 Nd7 24. Kc3 c5 25. hxg5 hxg5 26. Rh1 b6 27. b5 a5 28. Rh5 Rg8 29. Kd2 Kf8 30. Ke2 Rg7 31. f3 exf3+ 32. Kxf3 Kg8 33. Ke4 Nf8 34. Be1 Nd7 35. Bc3 Kf8 36. Kf3 Rg8 37. e4 Rg7 38. Kg3 Rg8 39. Bb2 Rg7 40. Bc1 Nxe5 41. Bxg5 Nd7 42. Bh6 Kg8 43. Bxg7 Kxg7 44. Kf4 Nf6 45. Rh1 1-0


[Site "https://www.chess.com"]

[Event "Titled Tuesday Blitz December 7 2021"]
[White "Narayanan, Srinath"]
[Black "Buchenau, Frank"]
[WhiteFideId "5018420"]
[BlackFideId "4604350"]
[WhiteElo "2472"]
[BlackElo "2193"]
[Result "1-0"]
[Round "05"]
[TimeControl "180+1"]
[Date "2021.12.07"]
[WhiteClock "0:00:15"]
[BlackClock "0:00:03"]

1. Nf3 Nf6 2. c4 e6 3. d4 b6 4. g3 Bb7 5. Bg2 Be7 6. O-O O-O 7. a3 c5 8. Nc3 cxd4 9. Qxd4 Nc6 10. Qf4 Qb8 11. Rd1 Qxf4 12. Bxf4 Na5 13. Nd2 Bxg2 14. Kxg2 Rfc8 15. b3 d5 16. Nb5 dxc4 17. b4 Nb3 18. Nxb3 cxb3 19. Rab1 a6 20. Nd4 Nd5 21. Bd2 Bf6 22. Nxb3 Rc2 23. e4 Nc3 24. Bxc3 Rxc3 25. Rd6 b5 26. h4 Kf8 27. f4 Ke8 28. Na5 Rxa3 29. Rc1 Be7 30. Rd4 Rd8 31. Rxd8+ Bxd8 32. Nc6 Bb6 33. Ne5 Ra2+ 34. Kh3 f6 35. Rc6 fxe5 36. Rxe6+ Kd7 37. Rxb6 exf4 38. gxf4 Kc7 39. Re6 Rb2 40. Re7+ Kd6 41. Rxg7 Rxb4 42. e5+ Ke6 43. Kg4 a5 44. Rxh7 a4 45. Ra7 Rb1 46. Ra6+ Kd5 47. h5 Ke4 48. e6 Rg1+ 49. Kh3 Kf5 50. Kh2 Re1 51. h6 Rd1 52. h7 Rd8 53. e7 Rh8 54. Rh6 Kxf4 55. e8=Q Rxe8 56. h8=Q Rxh8 57. Rxh8 b4 58. Rh4+ Ke3 59. Rxb4 a3 60. Rb3+ Kd2 61. Rxa3 Kc2 62. Rg3 Kb2 63. Kg2 Kc2 64. Rf3 Kd2 65. Kf2 Kc2 66. Re3 Kd1 67. Re2 Kc1 68. Ke3 Kd1 69. Kd3 Kc1 70. Rd2 Kb1 71. Rc2 Ka1 72. Kc3 Kb1 73. Kb3 Ka1 74. Rc1# 1-0


[Site "https://www.chess.com"]

[Event "Titled Tuesday Blitz December 7 2021"]
[White "Navalgund, Niranjan"]
[Black "Barria Zuniga, Daniel"]
[WhiteFideId "5030854"]
[BlackFideId "3400816"]
[WhiteElo "2290"]
[BlackElo "2414"]
[Result "1-0"]
[Round "05"]
[TimeControl "180+1"]
[Date "2021.12.07"]
[WhiteClock "0:00:33"]
[BlackClock "0:00:17"]

1. d4 d5 2. Nf3 c6 3. c4 dxc4 4. e4 b5 5. a4 e6 6. axb5 cxb5 7. b3 Bb4+ 8. Bd2 Bxd2+ 9. Nbxd2 Nf6 10. bxc4 bxc4 11. Bxc4 O-O 12. O-O a5 13. e5 Nd5 14. Ne4 Ba6 15. Bxd5 exd5 16. Ng3 Bxf1 17. Qxf1 Nc6 18. Nf5 Qd7 19. Qd3 Nb4 20. Qb1 h6 21. Nd6 Rfb8 22. h3 a4 23. Ra3 Na6 24. Qa2 Nc7 25. Nh4 Rb4 26. Rg3 a3 27. Nhf5 Rb2 28. Rxg7+ Kf8 29. Qa1 a2 30. Rh7 Kg8 31. Rg7+ Kh8 32. Qxb2 a1=Q+ 33. Qxa1 Rxa1+ 34. Kh2 Rd1 35. Nxf7+ Qxf7 36. Rxf7 Ne6 37. Rd7 Nxd4 38. Ne3 Rd3 39. Rxd5 1-0


[Site "https://www.chess.com"]

[Event "Titled Tuesday Blitz December 7 2021"]
[White "Nenezic, Marko"]
[Black "Tologon tegin, Semetei"]
[WhiteFideId "912123"]
[BlackFideId "13800574"]
[WhiteElo "2484"]
[BlackElo "2224"]
[Result "0-1"]
[Round "05"]
[TimeControl "180+1"]
[Date "2021.12.07"]
[WhiteClock "0:00:09"]
[BlackClock "0:00:05"]

1. d4 g6 2. c4 Bg7 3. e4 d6 4. Nf3 Bg4 5. Be2 e5 6. d5 h5 7. b3 Nd7 8. O-O Bh6 9. Ba3 a5 10. Ne1 Bxe2 11. Qxe2 b6 12. Nc3 Ne7 13. Nd3 O-O 14. Bb2 Kh7 15. Rae1 Ng8 16. g3 Qg5 17. Kh1 Rae8 18. f4 exf4 19. gxf4 Qh4 20. Nb5 Qd8 21. e5 Nc5 22. Nxc5 bxc5 23. Bc3 dxe5 24. fxe5 c6 25. Nd6 cxd5 26. Nxe8 Rxe8 27. Rxf7+ Bg7 28. e6 d4 29. Qe5 Nf6 30. Bd2 Qa8+ 31. Kg1 Qf3 32. Bg5 Qg4+ 33. Kh1 Qf3+ 34. Kg1 Qg4+ 35. Kf2 Rxe6 36. Qxe6 Qxg5 37. Qe5 Ng4+ 38. Kf1 Nxe5 0-1


[Site "https://www.chess.com"]

[Event "Titled Tuesday Blitz December 7 2021"]
[White "Obolenskikh, Dmitry"]
[Black "Nevednichy, Vladislav"]
[WhiteFideId "4156013"]
[BlackFideId "1205730"]
[WhiteElo "2512"]
[BlackElo "2379"]
[Result "1-0"]
[Round "05"]
[TimeControl "180+1"]
[Date "2021.12.07"]
[WhiteClock "0:01:01"]
[BlackClock "0:00:11"]

1. Nf3 Nf6 2. c4 g6 3. Nc3 Bg7 4. e4 d6 5. d4 O-O 6. h3 Na6 7. Bg5 h6 8. Be3 e5 9. d5 Nd7 10. g4 Ndc5 11. Rg1 c6 12. a3 cxd5 13. cxd5 Kh7 14. b4 Nd7 15. Bd3 Nb6 16. h4 Bd7 17. h5 g5 18. Nd2 Rc8 19. Rc1 Na4 20. Nxa4 Rxc1 21. Qxc1 Bxa4 22. Bxa7 Qa8 23. Bb6 Rc8 24. Qb2 Nc7 25. Ke2 Nb5 26. Rc1 Nd4+ 27. Bxd4 exd4 28. Nc4 Rd8 29. Nxd6 Kg8 30. Nf5 Be5 31. b5 Qa5 32. Qb4 Qxb4 33. axb4 Kh7 34. Kf3 Ra8 35. Ra1 Bd1+ 36. Rxd1 Ra3 37. Kg2 Bf4 38. Nxd4 Be5 39. Nf3 Bd6 40. e5+ 1-0


[Site "https://www.chess.com"]

[Event "Titled Tuesday Blitz December 7 2021"]
[White "Ozdemir, Serhan Berat"]
[Black "Nazari, Arad"]
[WhiteFideId "6374611"]
[BlackFideId "12577324"]
[WhiteElo "1920"]
[BlackElo "2119"]
[Result "1/2-1/2"]
[Round "05"]
[TimeControl "180+1"]
[Date "2021.12.07"]
[WhiteClock "0:00:10"]
[BlackClock "0:00:10"]

1. e4 c5 2. Nf3 d6 3. d4 cxd4 4. Nxd4 Nd7 5. Nc3 Ngf6 6. f3 a6 7. Be3 g6 8. Qd2 Bg7 9. Be2 O-O 10. h4 h5 11. Bh6 Ne5 12. Bxg7 Kxg7 13. O-O-O b5 14. Nd5 Nxd5 15. exd5 Bd7 16. g4 hxg4 17. h5 Rh8 18. hxg6 fxg6 19. fxg4 Qf8 20. Qg5 Qf6 21. Qe3 Raf8 22. g5 Qf4 23. Qxf4 Rxf4 24. Rxh8 Kxh8 25. a4 bxa4 26. Bxa6 Rg4 27. Bb7 Rxg5 28. Bc6 Bg4 29. Rg1 Rh5 30. Bxa4 Kg7 31. b4 Rh4 32. Nc6 Bd7 33. Nxe5 Bxa4 34. Nxg6 Rxb4 35. Nxe7+ Kf6 36. Nc8 Rc4 37. Nxd6 Rxc2+ 38. Kb1 Ke5 39. Nb5 Rc5 40. Na3 Bd7 41. Kb2 Bf5 42. Rd1 Rxd5 43. Rxd5+ Kxd5 1/2-1/2


[Site "https://www.chess.com"]

[Event "Titled Tuesday Blitz December 7 2021"]
[White "Ozen, Bahadir"]
[Black "Pour Agha Bala, Amirreza"]
[WhiteFideId "6337058"]
[BlackFideId "12572896"]
[WhiteElo "2503"]
[BlackElo "2313"]
[Result "0-1"]
[Round "05"]
[TimeControl "180+1"]
[Date "2021.12.07"]
[WhiteClock "0:00:12"]
[BlackClock "0:00:57"]

1. d4 d5 2. Nf3 Nf6 3. c4 c6 4. e3 Bg4 5. h3 Bh5 6. Bd3 e6 7. O-O Nbd7 8. Nbd2 Bd6 9. b3 O-O 10. Bb2 Re8 11. Qc2 e5 12. dxe5 Nxe5 13. Nxe5 Bxe5 14. Bxe5 Rxe5 15. Rfe1 Qd7 16. b4 Rae8 17. Bf1 Rg5 18. Kh1 Bg6 19. Qb2 Bf5 20. Rad1 Rh5 21. Kg1 Be4 22. Nxe4 Nxe4 23. cxd5 cxd5 24. Qd4 a6 25. f3 Nf6 26. Bd3 Rhe5 27. Kf2 Qd6 28. Rc1 Nh5 29. g4 Nf6 30. Kg2 h5 31. a3 R5e7 32. Qc5 Qe5 33. Qc3 Qb8 34. Qb2 h4 35. Qf2 g5 36. Bf5 d4 37. e4 d3 38. Rcd1 Nd5 39. exd5 Re2 40. Rxe2 Rxe2 41. Bh7+ 0-1


[Site "https://www.chess.com"]

[Event "Titled Tuesday Blitz December 7 2021"]
[White "Pacheco Lugo, Alejandro Jose"]
[Black "Kosteniuk, Alexandra"]
[WhiteFideId "3903745"]
[BlackFideId "4128125"]
[WhiteElo "2125"]
[BlackElo "2475"]
[Result "1-0"]
[Round "05"]
[TimeControl "180+1"]
[Date "2021.12.07"]
[WhiteClock "0:00:28"]
[BlackClock "0:00:37"]

1. e4 c6 2. d4 d5 3. e5 c5 4. dxc5 e6 5. a3 Bxc5 6. Qg4 Ne7 7. Nf3 Ng6 8. Bd3 Nc6 9. O-O Qc7 10. Re1 h5 11. Qg3 h4 12. Qg4 Nce7 13. b4 Bb6 14. Bb2 Nf5 15. Nbd2 Bd7 16. c4 Nge7 17. c5 Bxc5 18. bxc5 Qxc5 19. Rec1 Qa5 20. Qb4 Qd8 21. Qg4 h3 22. g3 Bc6 23. Nd4 Nxd4 24. Bxd4 g6 25. a4 Rh5 26. Nf3 Qa5 27. Qf4 Nf5 28. Bc5 d4 29. g4 Rh8 30. gxf5 gxf5 31. Nxd4 Rg8+ 32. Kf1 Bg2+ 33. Ke2 Rg4 34. Qe3 f4 35. Qd2 f3+ 36. Ke3 1-0


[Site "https://www.chess.com"]

[Event "Titled Tuesday Blitz December 7 2021"]
[White "Pakleza, Zbigniew"]
[Black "Di Nicolantonio, Lucas"]
[WhiteFideId "1119290"]
[BlackFideId "680460"]
[WhiteElo "2526"]
[BlackElo "2381"]
[Result "1-0"]
[Round "05"]
[TimeControl "180+1"]
[Date "2021.12.07"]
[WhiteClock "0:00:37"]
[BlackClock "0:01:06"]

1. d4 Nf6 2. Nf3 e6 3. Bf4 d5 4. e3 Bd6 5. Bg3 O-O 6. Nbd2 c5 7. c3 Qc7 8. Ne5 Nbd7 9. f4 Ne4 10. Nxe4 dxe4 11. Nc4 f5 12. d5 e5 13. fxe5 Nxe5 14. Bxe5 Bxe5 15. d6 Qd8 16. Qd5+ Kh8 17. Nxe5 Qe8 18. d7 Bxd7 19. Nxd7 Rd8 20. O-O-O Rf7 21. Nf6 Rxd5 22. Nxe8 Rxd1+ 23. Kxd1 Re7 24. Bb5 a6 25. Nd6 Re6 26. Nxb7 axb5 27. Nxc5 Ra6 1-0


[Site "https://www.chess.com"]

[Event "Titled Tuesday Blitz December 7 2021"]
[White "Papasimakopoulos, Alexandros"]
[Black "Mezentsev, Ivan"]
[WhiteFideId "4244125"]
[BlackFideId "13706195"]
[WhiteElo "2394"]
[BlackElo "2295"]
[Result "1-0"]
[Round "05"]
[TimeControl "180+1"]
[Date "2021.12.07"]
[WhiteClock "0:00:07"]
[BlackClock "0:00:01"]

1. d4 Nf6 2. c4 g6 3. Nc3 Bg7 4. Bg5 O-O 5. e3 d6 6. Nf3 Nbd7 7. Be2 e5 8. Qc2 c6 9. O-O h6 10. Bh4 Qe7 11. dxe5 dxe5 12. Nd2 Nc5 13. b4 Ne6 14. a3 Ng5 15. c5 Bf5 16. e4 Bd7 17. Bg3 Nfh7 18. Nc4 Ne6 19. Nd6 Nd4 20. Qd1 Be6 21. Bc4 Bxc4 22. Nxc4 h5 23. h4 Rad8 24. Nd6 Nf6 25. Ne2 Ng4 26. Nxd4 exd4 27. Kh1 f5 28. exf5 gxf5 29. Re1 Qf6 30. f4 Rd7 31. Qb3+ Kh7 32. Re6 Qd8 33. Rae1 Qc7 34. Qd3 Nh6 35. Bf2 Qd8 36. g3 Qc7 37. Bxd4 Bxd4 38. Qxd4 Rg7 39. Kg2 Rfg8 40. R1e3 Qd7 41. Qf6 Rg6 42. Re7+ R8g7 43. Rxd7 Rxf6 44. Rxg7+ Kxg7 45. Re7+ Kg6 46. Rxb7 Re6 47. Kf3 Ng4 48. Nc4 Re4 49. Ne5+ Nxe5+ 50. fxe5 Rxe5 51. Rxa7 Rd5 52. Ra6 Rd3+ 53. Kf2 Kf6 54. Rxc6+ Ke5 55. Rc8 Rxa3 56. b5 Rb3 57. b6 Ke4 58. Re8+ Kd5 59. Rf8 Ke4 60. Kg2 Rb2+ 61. Kh3 Rb1 62. c6 Rxb6 63. c7 f4 64. c8=Q 1-0


[Site "https://www.chess.com"]